 Dungeon Crawl Stone Soup version 0.18-a0-1805-g8ab820f (webtiles) character file.

77 M4edhros the Poker (level 4, 0/35 HPs)
             Began as a Mummy Chaos Knight on Apr 26, 2016.
             Slain by Grinder the hell hound (2 damage)
             ... on level 3 of the Dungeon.
             The game lasted 00:02:25 (1684 turns).

M4edhros the Poker (Mummy Chaos Knight)             Turns: 1684, Time: 00:02:26

Health: 0/35       AC:  6    Str: 15    XL:     4   Next: 14%
Magic:  4/4        EV: 11    Int: 11    God:    Xom [.....*]
Gold:   162        SH:  0    Dex: 12    Spells: 0 memorised, 3 levels left

rFire  x . .     SeeInvis .     a - +0 spear (chaos)
rCold  + . .     Gourm    .     b - +2 leather armour
rNeg   + + +     Faith    .     (no shield)
rPois  ∞         Spirit   .     (no helmet)
rElec  .         Dismiss  .     d - +0 cloak
rCorr  .         Reflect  .     (no gloves)
SustAt .         Harm     .     (no boots)
MR     .....                    (no amulet)
Stlth  +.........               (no ring)
                                (no ring)

@: not resistant to hostile enchantments, very unstealthy
A: no food or potions, fire vulnerability, cold resistance 1, negative energy
resistance 3, torment resistance, unbreathing
a: Renounce Religion


You were on level 3 of the Dungeon.
You worshipped Xom.
You were Xom's teddy bear.
You were not hungry.

You visited 1 branch of the dungeon, and saw 3 of its levels.

You collected 162 gold pieces.

Inventory:

Hand Weapons
 a - a +0 spear of chaos (weapon)
Missiles
 h - 43 sling bullets
Armour
 b - a +2 leather armour (worn)
 d - a +0 cloak (worn)
 j - the +0 robe "Rumavek" {rN+ Int+3}
   (Xom gifted it to you on level 2 of the Dungeon)

   It affects your intelligence (+3).
   It protects you from negative energy.
 k - a +0 leather armour of cold resistance
Scrolls
 c - 4 scrolls of identify {unknown}
 g - a scroll of random uselessness {unknown}
 i - a scroll of enchant weapon {unknown}
 l - a scroll of blinking {unknown}


   Skills:
 - Level 3.0 Fighting
 + Level 4.1 Polearms
 - Level 1.5 Armour
 - Level 0.7 Dodging


You had 3 spell levels left.
You didn't know any spells.

Dungeon Overview and Level Annotations

Branches:
Dungeon (3/15)

Altars:
Okawaru
Trog
Xom

Annotations:
D:3 Grinder; warlockg3's ghost, amateur TrFi


Innate Abilities, Weirdness & Mutations

You do not eat or drink.
Your flesh is vulnerable to fire.
You are immune to poison.
Your flesh is cold resistant.
You are immune to negative energy.
You are immune to unholy pain and torment.
You can survive without breathing.


Message History

Read which item? (? for menu, Esc to quit)
As you read the scroll labeled LETTESH RAEBAU, it crumbles to dust.
You feel blessed for a moment.
It was a scroll of remove curse.
Grinder breathes flames at you. The blast of flame hits you!
The fire burns you terribly!
Xom is highly amused!
Ouch! That really hurt!
* * * LOW HITPOINT WARNING * * *
Grinder stops to sniff the ground.
Grinder bites you but does no damage. "Forecast: mostly cloudy."
You swap places.
Grinder bites your butterfly!
Your butterfly dies!
Grinder stops to sniff the ground.
Read which item? (? for menu, Esc to quit)
As you read the scroll labeled YGIEL GEISK, it crumbles to dust.
It is a scroll of amnesia.
You feel forgetful for a moment. Grinder bites you.
You die...
Xom roars with laughter!

....##.# ##.###### #####
#.##
.#####÷###.......#########
#... .
#....................# #.##
. #....................# #.
# . #....................##
#. # .
#)...%.....[.b...[....## #.
#
.......####.####............
.......##.....##§§..........
.......#......?#@###.####.##
.......#.......#h# #.# .
.?........._..l§§# #.#
.......#......§#§# #.#
####+#.#.....!.#......
#.....##..#..# ###.##
#..##.# ... ...##.# ### ...#


You could see Grinder the hell hound.

Vanquished Creatures
  2 adders (D:2)
  An adder (shapeshifter) (D:2)
  A worm (D:2)
  A dart slug (D:2)
  4 giant geckos
  An orc (D:3)
  2 bats
  A giant cockroach (D:1)
  8 goblins
  3 hobgoblins
  5 jackals (D:1)
  2 kobolds (D:1)
  3 giant newts
  3 rats
37 creatures vanquished.

Vanquished Creatures (collateral kills)
  A kobold (D:1)
1 creature vanquished.

Grand Total: 38 creatures vanquished

Notes
Turn   | Place    | Note
--------------------------------------------------------------
     0 | D:1      | M4edhros the Mummy Chaos Knight began the quest for the Orb.
     0 | D:1      | Reached XP level 1. HP: 18/18 MP: 1/1
   166 | D:1      | XOM: harmless Necr miscast
   173 | D:1      | Reached XP level 2. HP: 21/24 MP: 2/2
   182 | D:1      | Reached skill level 3 in Polearms
   396 | D:1      | XOM: harmless Chrm miscast
   547 | D:2      | Noticed Terence
   554 | D:2      | Terence changed into Terence the rat
   561 | D:2      | Reached XP level 3. HP: 25/29 MP: 3/3
   610 | D:2      | XOM: summons 5 hostile shadow creatures
   946 | D:2      | Found an iron altar of Okawaru.
  1174 | D:2      | XOM: scenery: 1 doors open, 1 doors close
  1183 | D:2      | Reached skill level 4 in Polearms
  1321 | D:2      | Reached XP level 4. HP: 33/35 MP: 4/4
  1325 | D:2      | Found a faded altar to an unknown god.
  1352 | D:3      | Noticed warlockg3's ghost (amateur TrFi)
  1416 | D:2      | XOM: god gift: wizard robe {god gift}
  1417 | D:2      | Got a wizard robe {god gift}
  1428 | D:2      | Identified the +0 robe "Rumavek" {rN+ Int+3} (Xom gifted it to you on level 2 of the Dungeon)
  1530 | D:2      | XOM: scenery: create altars
  1677 | D:3      | Found a bloodstained altar of Trog.
  1677 | D:3      | Noticed Grinder
  1677 | D:3      | Noticed Grinder
  1677 | D:3      | Grinder changed into Grinder the hell hound
  1677 | D:3      | XOM: polymorph Grinder -> Grinder the hell hound
  1680 | D:3      | XOM: butterfly on damage
  1682 | D:3      | XOM: fog
  1684 | D:3      | Slain by Grinder the hell hound

Vault maps used:
D:1:      scummos_arrival_simple_fountains, minmay_statues_item
D:2:      lemuel_crystal_altar, ecumenical_altar_2, kennysheep_generic_room_10,
          uniq_terence
D:3:      lemuel_upstairs_altar, old_standard_altar, old_standard_altar,
          kennysheep_generic_room_15, uniq_grinder, uniq_iyjb

Skill      XL: |  1  2  3 |
---------------+----------+-----
Polearms       | 3 4 |  4.1
Fighting       | |  3.0
Armour         | |  1.5
Dodging        | |  0.7

Action                   |  1- 3 |  4- 6 || total
-------------------------+-------+-------++-------
Melee: Spear             |   163 |    24 ||   187
  Use: Scroll            |       |     2 ||     2
 Stab: Confused          |     1 |       ||     1
       Petrifying        |     2 |       ||     2
Armor: Leather armour    |    40 |     5 ||    45
       Scale mail        |    20 |       ||    20
Dodge: Dodged            |    89 |    11 ||   100
